 Dungeon Crawl Stone Soup version 0.18.1-1-g2f07953 (webtiles) character file.

310884 aurelian the Executioner (level 20, -24/191 HPs)
             Began as a Minotaur Berserker on May 14, 2016.
             Was a High Priest of Trog.
             Annihilated by an iron giant
             ... wielding a +0 giant club
              (63 damage)
             ... on level 2 of the Depths.
             The game lasted 01:28:20 (41022 turns).

aurelian the Executioner (Minotaur Berserker)      Turns: 41022, Time: 01:28:20

Health: -24/191    AC: 43    Str: 27    XL:     20   Next: 74%
Magic:  22/27      EV: 24    Int:  6    God:    Trog [*****.]
Gold:   2736       SH:  0    Dex: 24    Spells: 3 memorised, 11 levels left

rFire  . . .     SeeInvis .     V - +9 executioner's axe (venom)
rCold  + + +     Gourm    .     Z - +8 plate armour of Gravity {*Confuse rElec rPois rC++}
rNeg   . . .     Faith    .     (shield currently unavailable)
rPois  +         Spirit   .     F - +2 hat
rElec  +         Dismiss  .     g - +2 cloak
rCorr  .         Reflect  .     A - +1 pair of gloves of Springtime {Dex+4}
SustAt .         Harm     .     (no boots)
MR     +++..                    E - amulet of regeneration
Stlth  ..........               D - ring of Robustness {AC+8}
                                x - ring "Fitofac" {rC+ Str+2 Dex+6}

@: exhausted, regenerating, slowed, very slow, extremely resistant to hostile
enchantments, extremely unstealthy
A: retaliatory headbutt, horns 2
a: Berserk, Trog's Hand, Brothers in Arms, Burn Spellbooks, Renounce Religion
}: 1/15 runes: gossamer


You were on level 2 of the Depths.
You worshipped Trog.
Trog was extremely pleased with you.
You were hungry.

You visited 6 branches of the dungeon, and saw 35 of its levels.
You also visited: Bailey, Ice Cave and Volcano.

You collected 4112 gold pieces.
You spent 1376 gold pieces at shops.

Inventory:

Hand Weapons
 a - a +9 antimagic executioner's axe
 b - a +5 battleaxe of flaming
 V - a +9 executioner's axe of venom (weapon)
Missiles
 y - 48 tomahawks (quivered)
Armour
 e - the +0 pair of gloves of Tiaherph {-Cast Str+6}
   (You bought it in a shop on level 2 of the Orcish Mines)

   It affects your strength (+6).
   It prevents spellcasting.
 g - a +2 cloak (worn)
 A - the +1 pair of gloves of Springtime (worn) {Dex+4}
   (You acquired it on level 4 of the Spider Nest)

   It affects your dexterity (+4).
 F - a +2 hat (worn)
 Z - the +8 plate armour of Gravity (worn) {*Confuse rElec rPois rC++}
   (You found it on level 14 of the Dungeon)

   It greatly protects you from cold.
   It insulates you from electricity.
   It protects you from poison.
   It may confuse you when you take damage.
Rods
 N - a +0 rod of inaccuracy (14/14)
   (You found it on level 9 of the Dungeon)
Jewellery
 h - an uncursed ring of flight
 p - an uncursed ring of see invisible
 s - a +3 ring of evasion
 t - an uncursed ring of protection from fire
 x - the ring "Fitofac" (left hand) {rC+ Str+2 Dex+6}
   (You bought it in a shop on level 2 of the Orcish Mines)

   [ring of strength]

   It affects your strength (+2).
   It affects your dexterity (+6).
   It protects you from cold.
 D - the ring of Robustness (right hand) {AC+8}
   (You found it on level 2 of the Depths)

   [ring of protection]

   It affects your AC (+8).
 E - an amulet of regeneration (around neck)
 H - an uncursed ring of positive energy
Wands
 u - a wand of hasting (4/9)
 J - a wand of iceblast (7/15)
 O - a wand of disintegration (6/24)
 Q - a wand of acid (11/15)
 W - a wand of teleportation (2/9)
 X - a wand of digging (9/24)
Scrolls
 d - 12 scrolls of remove curse
 f - 14 scrolls of teleportation
 j - 3 scrolls of recharging
 k - 5 scrolls of enchant armour
 q - 5 scrolls of blinking
 r - 6 scrolls of identify
 z - 4 scrolls of magic mapping
 I - 3 scrolls of fear
 L - a scroll of holy word
 U - a scroll of silence
Potions
 l - 9 potions of curing
 o - 6 potions of agility
 v - 3 potions of invisibility
 w - 7 potions of flight
 B - 5 potions of cure mutation
 C - 2 potions of resistance
 K - 7 potions of haste
 M - 2 potions of cancellation
 P - 2 potions of heal wounds
 Y - 2 potions of might
Miscellaneous
 i - a fan of gales
 G - a phial of floods
 R - a stone of tremors
Comestibles
 c - 16 bread rations
 n - 11 fruits
 T - 13 meat rations


   Skills:
 + Level 19.2 Fighting
 + Level 23.5 Axes
 + Level 19.5 Armour
 + Level 18.3 Dodging
 - Level 11.0 Evocations


You had 11 spell levels left.
You knew the following spells:

 Your Spells              Type           Power        Failure   Level  Hunger
a - Song of Slaying       Chrm           #.......     100%        2    ###....
b - Regeneration          Chrm/Necr      #.........   100%        3    ####...
c - Spectral Weapon       Hex/Chrm       #.......     100%        3    ####...


Dungeon Overview and Level Annotations

Branches:
Dungeon (15/15)            Temple (0/1) D:6            Lair (8/8) D:11
 Shoals (0/4) Lair:6       Spider (4/4) Lair:3          Orc (2/2) D:9
    Elf (0/3) Orc:2        Vaults (4/5) D:14          Crypt (0/3) Vaults:2
 Depths (2/5) D:15
  Slime: Lair:6-8

Altars:
Ashenzari
Elyvilon
Gozag
Kikubaaqudgha
Makhleb
Okawaru
Qazlal
Xom
Yredelemnul
Zin
Beogh

Shops:
D:4 (   D:5 !   D:7 :   D:11 *   Orc:2 [?=?

Portals:
Hell: Lair:8 Depths:1 Depths:2
Pandemonium: Depths:1 Depths:2
Ziggurat: Depths:1

Annotations:
D:13 1 runed door
Lair:6 exclusion: oklob plant
Lair:7 exclusion: 3 oklob plants
Vaults:1 exclusion: orange crystal statue


Innate Abilities, Weirdness & Mutations

You reflexively headbutt those who attack you in melee.
You have a pair of horns on your head.


Message History

The iron giant is severely wounded.
The iron giant points at you and mumbles some strange words.
The iron shot hits you!
You hit the iron giant.
The iron giant looks even sicker.
The iron giant is severely wounded.
The iron giant hits you with a giant club!!!
You slice the iron giant!!
The iron giant looks even sicker.
The iron giant is severely wounded.
The iron giant gestures at you while chanting.
The iron shot hits you!
* * * LOW HITPOINT WARNING * * *
You slice the iron giant!!
You headbutt the iron giant, but do no damage.
The iron giant is almost dead.
The iron giant hits you with a giant club!!
* * * LOW HITPOINT WARNING * * *
Drink which item? (? for menu, Esc to quit)
You feel much better.
The iron giant hits you with a giant club!!!
You die...

########.....###
##.......#'...###.
##%........''...##.
##?..........##..##.
#?...#####....#.)##(
#...##.[)##...#..##.
#...#...:}#...#..###
#..C#...((#..(##..##
#..@#..(.[#.(.##...#
#...''(..##...###...
#....'####....# ##..
##.(..)†.....## ###
##[...(....##
##.......##
#########


You could see an iron giant.

Vanquished Creatures
  3 caustic shrikes (Depths:2)
  A golden dragon (Depths:2)
  Jorgrun (Vaults:3)
  A tentacled monstrosity (Depths:2)
  A lich (Vaults:3)
  A quicksilver dragon (Depths:2)
  A sphinx (Vaults:4)
  2 storm dragons
  4 tengu reavers
  A fire giant (Depths:2)
  Aizul (Vaults:1)
  2 iron dragons (Depths:2)
  5 vault wardens
  5 frost giants
  5 emperor scorpions (Spider:4)
  4 ghost moths (Spider:4)
  13 very ugly things
  10 ironheart preservers
  10 stone giants
  A deep elf demonologist (Vaults:4)
  2 spark wasps (Spider:4)
  6 ettins
  5 fire dragons
  4 vault guards
  6 jiangshi (Depths:1)
  7 yaktaur captains
  A deep elf death mage (Vaults:4)
  16 slime creatures
  Fannar (D:10)
  2 rakshasas
  3 entropy weavers
  10 great orbs of eyes
  12 ice dragons
  10 hydras
  6 ogre magi
  2 spriggan air magi (Depths:2)
  Erolcha (D:10)
  A death knight (Vaults:2)
  A catoblepas (Lair:6)
  13 centaur warriors
  6 deep troll shamans
  A ghost crab (shapeshifter) (Vaults:4)
  6 tengu warriors
  8 deep troll earth magi
  2 vampire magi (Depths:1)
  3 orc high priests (Orc:2)
  2 hell hogs (Depths:2)
  5 deep elf knights
  A spriggan berserker (Depths:2)
  2 iron trolls (Depths:1)
  A sun demon (Lair:8)
  A fire crab (shapeshifter) (Vaults:4)
  A hell knight (D:15)
  2 shadow wraiths (Vaults:1)
  10 skeletal warriors
  3 fire crabs
  5 unseen horrors
  A shadow demon (Depths:1)
  23 deep trolls
  2 giant orange brains
  A gelid demonspawn (Depths:1)
  6 wizards
  Pikel (D:9)
  A deep elf archer (Vaults:1)
  13 hill giants
  2 wolf spider zombies
  10 ironbrand convokers
  A sphinx zombie (Depths:1)
  2 necromancers
  A harpy (Vaults:4)
  11 orc knights
  15 orb spiders
  22 ugly things
  A faun (Lair:6)
  27 wolf spiders
  A frost giant zombie (Vaults:4)
  3 orc sorcerers (Orc:2)
  8 griffons
  13 deep elf magi
  7 hornets
  2 manticores (D:14)
  8 cyclopes
  A shining eye (shapeshifter) (Depths:2)
  A fire giant skeleton (Vaults:4)
  A frost giant skeleton (Depths:1)
  A sixfirhy (Lair:8)
  9 black mambas
  11 vault sentinels
  4 torpor snails
  4 spectral swamp worms (Depths:1)
  3 ice statues (IceCv)
  A smoke demon (Lair:8)
  A molten gargoyle (Depths:1)
  3 orange demons (Lair:8)
  3 gargoyles
  15 spiny frogs
  2 kobold demonologists
  18 komodo dragons
  2 rime drakes (Lair:8)
  4 freezing wraiths
  An efreet (Volcano)
  32 yaktaurs
  A komodo dragon (shapeshifter) (Depths:2)
  8 demonic crawlers
  6 ice devils
  3 red devils (Lair:8)
  6 trolls
  5 tengu conjurers
  A yaktaur skeleton (Vaults:4)
  29 jumping spiders
  A hellwing (Depths:1)
  12 two-headed ogres
  15 blink frogs
  A blink frog (shapeshifter) (Vaults:4)
  A deep troll zombie (Depths:1)
  An ice dragon zombie (Depths:1)
  A raiju (shapeshifter) (Depths:2)
  105 redbacks
  4 boulder beetles
  A snapping turtle (Lair:6)
  6 air elementals (Depths:2)
  A spriggan (D:9)
  A vampire (D:15)
  A wraith (D:10)
  2 shadows
  Sigmund (D:2)
  4 water elementals (D:15)
  3 fire bats (Lair:6)
  42 tarantellas
  68 yaks
  A hog (shapeshifter) (D:15)
  The ghost of aurelian the Cudgeler, an amateur OgSu of Elyvilon (D:4)
  A hungry ghost (D:10)
  3 basilisks
  A fire elemental (Volcano)
  8 hippogriffs
  Grum (D:10)
  A steam dragon (D:10)
  4 wyverns
  A neqoxec (Depths:1)
  8 vampire mosquitoes
  3 mottled dragons
  4 wargs
  A human zombie (Depths:1)
  2 soldier ants (shapeshifter)
  A soldier ant (D:13)
  18 water moccasins
  8 hell hounds (Depths:2)
  36 orc warriors
  A slave (D:9)
  A giant eyeball (Depths:2)
  12 porcupines
  3 black bears
  3 sky beasts
  3 wasps
  10 ice beasts
  28 ogres
  4 phantoms
  13 wolves
  30 centaurs
  A tengu (shapeshifter) (Vaults:4)
  21 crocodiles
  17 giant frogs
  2 big kobolds
  2 human skeletons (Vaults:4)
  A wyvern zombie (D:9)
  A water moccasin skeleton (D:10)
  5 scorpions
  A wyvern skeleton (D:12)
  15 killer bees
  5 wights (D:13)
  4 electric eels
  6 howler monkeys
  5 crimson imps
  6 jellies
  A quasit (D:12)
  21 orc priests
  2 centaur zombies
  2 hounds
  2 giant frog skeletons
  2 gnoll shamans
  33 orc wizards
  5 centaur skeletons
  6 iguanas
  10 worker ants
  17 sheep
  2 hound skeletons
  2 howler monkey zombies
  9 gnolls
  10 adders
  A howler monkey skeleton (D:9)
  104 river rats
  5 shadow imps
  An ooze (D:3)
  An adder zombie (D:9)
  An adder skeleton (D:8)
  A worm (D:6)
  A dart slug (D:1)
  7 giant geckos
  121 orcs
  10 bats
  8 giant cockroaches
  4 goblins
  7 hobgoblins
  18 jackals
  11 kobolds
  5 quokkas
  2 giant newts
  A quokka skeleton (D:9)
  A quokka zombie (D:5)
  5 rats
  A fire vortex (Volcano)
  9 fungi
  8 plants
1629 creatures vanquished.

Vanquished Creatures (collateral kills)
  A hornet (Spider:4)
1 creature vanquished.

Vanquished Creatures (others)
  An eldritch tentacle (Spider:3)
  A gnoll (D:9)
  2 kobolds (D:9)
  68 eldritch tentacle segments (Spider:3)
  7 fungi
  A plant (Lair:8)
80 creatures vanquished.

Grand Total: 1710 creatures vanquished

Notes
Turn   | Place    | Note
--------------------------------------------------------------
     0 | D:1      | aurelian the Minotaur Berserker began the quest for the Orb.
     0 | D:1      | Reached XP level 1. HP: 19/19 MP: 0/0
   104 | D:1      | Reached skill level 4 in Axes
   361 | D:1      | Reached XP level 2. HP: 16/26 MP: 1/1
  1053 | D:2      | Reached skill level 5 in Axes
  1140 | D:2      | Reached XP level 3. HP: 31/31 MP: 2/2
  1177 | D:2      | Noticed Sigmund
  1192 | D:2      | Killed Sigmund
  1192 | D:2      | Reached skill level 7 in Axes
  1192 | D:2      | Reached XP level 4. HP: 24/39 MP: 3/3
  1192 | D:2      | Reached XP level 5. HP: 27/45 MP: 4/4
  1390 | D:2      | Reached ** piety under Trog
  1730 | D:3      | Reached skill level 8 in Axes
  1959 | D:3      | Reached XP level 6. HP: 48/51 MP: 5/5
  2080 | D:3      | Found a stormy altar of Qazlal.
  2612 | D:4      | Noticed aurelian's ghost (amateur OgSu)
  2619 | D:4      | Reached *** piety under Trog
  2635 | D:4      | Killed aurelian's ghost
  2635 | D:4      | Reached skill level 9 in Axes
  2699 | D:4      | Reached XP level 7. HP: 57/57 MP: 6/6
  2915 | D:4      | Found Joguni's Antique Weapon Emporium.
  3044 | D:5      | Entered Level 5 of the Dungeon
  3078 | D:5      | Reached skill level 10 in Axes
  3535 | D:5      | Reached skill level 11 in Axes
  3536 | D:5      | Found Emynnuli's Distillery.
  3548 | D:5      | Bought a potion of heal wounds for 70 gold pieces
  3548 | D:5      | Bought a potion of agility for 56 gold pieces
  3548 | D:5      | Bought a potion of mutation for 35 gold pieces
  3548 | D:5      | Gained mutation: Your flesh is cold resistant. [potion of mutation]
  3548 | D:5      | Gained mutation: You have a beak for a mouth. [potion of mutation]
  3548 | D:5      | Gained mutation: Your muscles are strong. (Str +2) [potion of mutation]
  3838 | D:6      | Found an iron altar of Okawaru.
  3896 | D:6      | Reached XP level 8. HP: 66/66 MP: 7/7
  3897 | D:6      | Reached **** piety under Trog
  4132 | D:6      | Found a staircase to the Ecumenical Temple.
  4205 | D:6      | Found a white marble altar of Elyvilon.
  4567 | D:7      | Found Butux's Book Shoppe.
  4731 | D:7      | Found a flagged portal.
  4749 | Bailey   | Entered a bailey
  4764 | Bailey   | Reached skill level 5 in Fighting
  5856 | Bailey   | Reached skill level 5 in Armour
  6005 | Bailey   | Reached XP level 9. HP: 75/75 MP: 8/8
  6009 | Bailey   | Reached skill level 5 in Dodging
  6093 | Bailey   | Reached skill level 12 in Axes
  6944 | Bailey   | Reached ***** piety under Trog
  7558 | D:7      | Found an opulent altar of Gozag.
  8359 | D:8      | Reached XP level 10. HP: 86/88 MP: 9/9
  9139 | D:9      | Found a staircase to the Orcish Mines.
  9156 | D:9      | Found a roughly hewn altar of Beogh.
  9309 | D:9      | Noticed a gargoyle
  9319 | D:9      | Killed a gargoyle
  9391 | D:9      | Noticed Pikel
  9464 | D:9      | Killed Pikel
  9464 | D:9      | Reached skill level 13 in Axes
  9724 | D:9      | Noticed a hill giant
  9729 | D:9      | Killed a hill giant
  9729 | D:9      | Received a gift from Trog
  9923 | D:9      | Noticed a cyclops
  9943 | D:9      | Killed a cyclops
 10629 | D:10     | Entered Level 10 of the Dungeon
 10668 | D:10     | Noticed Grum
 10697 | D:10     | Killed Grum
 10700 | D:10     | Reached XP level 11. HP: 97/97 MP: 3/10
 10920 | D:10     | Noticed Fannar
 10962 | D:10     | Killed Fannar
 11010 | D:10     | Noticed Erolcha
 11017 | D:10     | Killed Erolcha
 11066 | D:10     | Found a shimmering altar of Xom.
 11509 | D:11     | Reached skill level 10 in Fighting
 11645 | D:11     | Reached skill level 10 in Armour
 11659 | D:11     | Received a gift from Trog
 11804 | D:11     | Reached skill level 14 in Axes
 11920 | D:11     | Noticed a hill giant
 11927 | D:11     | Killed a hill giant
 11987 | D:11     | Found Xisayrph's Assorted Antiques.
 12000 | D:11     | Bought a scroll labeled AGIBATOUBRY for 21 gold pieces
 12386 | D:11     | Noticed a centaur warrior
 12397 | D:11     | Killed a centaur warrior
 12479 | D:11     | Found a staircase to the Lair.
 12718 | D:12     | Reached skill level 10 in Dodging
 12784 | D:12     | Killed an unseen horror
 12796 | D:12     | Reached XP level 12. HP: 84/108 MP: 3/11
 13169 | D:12     | Found a labyrinth entrance.
 13420 | D:13     | Reached skill level 15 in Axes
 13475 | D:13     | Received a gift from Trog
 13989 | D:13     | Got a bloodstained chain mail
 13990 | D:13     | Identified the +2 chain mail "Irewiej" {rF- rC+++ rN+ Str+4} (You found it on level 13 of the Dungeon)
 14076 | D:13     | Noticed a daeva
 14076 | D:13     | Found a glowing silver altar of Zin.
 14077 | D:13     | Found a runed door.
 14157 | D:13     | Noticed a centaur warrior
 14164 | D:13     | Killed a centaur warrior
 14485 | D:14     | Reached skill level 16 in Axes
 14618 | D:14     | Got a smoking plate armour
 14620 | D:14     | Identified the +8 plate armour of Gravity {*Confuse rElec rPois rC++} (You found it on level 14 of the Dungeon)
 14710 | D:14     | Found a frozen archway.
 14729 | IceCv    | Entered an ice cave
 14736 | IceCv    | Reached XP level 13. HP: 88/117 MP: 4/12
 14845 | IceCv    | Was placed under penance by Trog
 14848 | IceCv    | Learned a level 2 spell: Song of Slaying
 14852 | IceCv    | Learned a level 3 spell: Regeneration
 14856 | IceCv    | Learned a level 3 spell: Spectral Weapon
 15721 | Lair:1   | Entered Level 1 of the Lair of Beasts
 17077 | D:9      | Reached skill level 17 in Axes
 17088 | Orc:1    | Entered Level 1 of the Orcish Mines
 17151 | Orc:2    | Entered Level 2 of the Orcish Mines
 18409 | Orc:1    | Was forgiven by Trog
 19852 | Orc:2    | Found Buherphawn's Armour Emporium.
 19852 | Orc:2    | Found Fudd's Magic Scroll Shop.
 19854 | Orc:2    | Found Cianah's Magic Scroll Emporium.
 19854 | Orc:2    | Found Omnixzoik's Jewellery Shop.
 19860 | Orc:2    | Bought the +0 pair of gloves of Tiaherph {-Cast Str+6} for 171 gold pieces
 19873 | Orc:2    | Bought a scroll of enchant armour for 112 gold pieces
 19873 | Orc:2    | Bought a scroll of enchant weapon for 112 gold pieces
 19875 | Orc:2    | Bought the ring "Fitofac" {rC+ Str+2 Dex+6} for 613 gold pieces
 19879 | Orc:2    | Bought a scroll of teleportation for 33 gold pieces
 19879 | Orc:2    | Bought a scroll of fear for 38 gold pieces
 19879 | Orc:2    | Bought a scroll of teleportation for 33 gold pieces
 19879 | Orc:2    | Bought a scroll of silence for 82 gold pieces
 19994 | Orc:2    | Found a staircase to the Elven Halls.
 20205 | D:13     | Identified a +0 rod of inaccuracy (14/14) (You found it on level 9 of the Dungeon)
 20233 | D:14     | Reached XP level 14. HP: 108/127 MP: 7/13
 20356 | D:14     | Reached skill level 18 in Axes
 20411 | D:14     | Found a gate to the Vaults.
 20763 | D:15     | Entered Level 15 of the Dungeon
 20791 | D:15     | Identified a scroll of acquirement
 21690 | D:15     | Found a staircase to the Depths.
 22073 | Lair:2   | Received a gift from Trog
 22909 | Lair:3   | Found a hole to the Spider Nest.
 23534 | Lair:4   | Reached skill level 19 in Axes
 24054 | Lair:5   | Received a gift from Trog
 24301 | Lair:5   | Reached XP level 15. HP: 138/138 MP: 4/14
 24901 | Lair:6   | Received a gift from Trog
 24919 | Lair:6   | Reached skill level 1 in Evocations
 24929 | Lair:6   | Found a dark tunnel.
 25000 | Volcano  | Entered a volcano
 25684 | Lair:6   | Found a staircase to the Shoals.
 26877 | Lair:8   | Entered Level 8 of the Lair of Beasts
 26893 | Lair:8   | Received a gift from Trog
 26926 | Lair:8   | Reached ****** piety under Trog
 27201 | Lair:8   | Reached skill level 20 in Axes
 27448 | Lair:8   | Received a gift from Trog
 27808 | Lair:8   | Found a burning altar of Makhleb.
 27865 | Lair:8   | Found a gateway to Hell.
 28185 | Spider:1 | Entered Level 1 of the Spider Nest
 28240 | Spider:1 | Received a gift from Trog
 28414 | Spider:1 | Reached skill level 15 in Armour
 28435 | Spider:1 | Reached XP level 16. HP: 137/147 MP: 6/18
 28560 | Spider:1 | Reached skill level 15 in Fighting
 28897 | Spider:2 | Received a gift from Trog
 29806 | Spider:3 | Reached skill level 5 in Evocations
 29855 | Spider:3 | Noticed an eldritch tentacle
 29880 | Spider:3 | Killed an eldritch tentacle
 30244 | Spider:3 | Reached skill level 21 in Axes
 30356 | Spider:4 | Entered Level 4 of the Spider Nest
 30838 | Spider:4 | Got a pair of distressingly furry gloves
 30856 | Spider:4 | Received a gift from Trog
 30865 | Spider:4 | Identified the +1 pair of gloves of Springtime {Dex+4} (You acquired it on level 4 of the Spider Nest)
 31306 | Spider:4 | Reached XP level 17. HP: 157/157 MP: 1/20
 31440 | Spider:4 | Reached skill level 15 in Dodging
 31527 | Spider:4 | Got a gossamer rune of Zot
 31894 | Vaults:1 | Entered Level 1 of the Vaults
 31901 | Vaults:1 | Received a gift from Trog
 32317 | Vaults:1 | Received a gift from Trog
 32352 | Vaults:1 | Noticed Aizul
 32364 | Vaults:1 | Killed Aizul
 33169 | Vaults:1 | Received a gift from Trog
 34046 | Vaults:2 | Reached XP level 18. HP: 165/168 MP: 7/23
 34349 | Vaults:2 | Found a staircase to the Crypt.
 34349 | Vaults:2 | Found an ancient bone altar of Kikubaaqudgha.
 34350 | Vaults:2 | Found a basalt altar of Yredelemnul.
 34574 | Vaults:2 | Reached skill level 22 in Axes
 35127 | Vaults:3 | Received a gift from Trog
 35552 | Vaults:3 | Noticed Jorgrun
 35563 | Vaults:3 | Killed Jorgrun
 36183 | Vaults:4 | Received a gift from Trog
 37358 | Depths:1 | Entered Level 1 of the Depths
 37370 | D:15     | Reached XP level 19. HP: 117/177 MP: 8/25
 37668 | D:15     | Received a gift from Trog
 37718 | Depths:1 | Paralysed by a great orb of eyes for 2 turns
 37964 | Depths:1 | Found a gateway to a ziggurat.
 38014 | Depths:1 | Found a shattered altar of Ashenzari.
 38038 | Depths:1 | Reached skill level 10 in Evocations
 38226 | Depths:1 | Gained mutation: Scrolls take you a little longer to read. [a neqoxec]
 38232 | Depths:1 | Found a one-way gate leading to the halls of Pandemonium.
 38722 | Depths:1 | Received a gift from Trog
 38864 | Depths:1 | Reached skill level 23 in Axes
 39331 | Depths:2 | Lost mutation: Your muscles are strong. (Str +2) [potion of cure mutation]
 39331 | Depths:2 | Lost mutation: You have a beak for a mouth. [potion of cure mutation]
 39331 | Depths:2 | Lost mutation: Scrolls take you a little longer to read. [potion of cure mutation]
 39331 | Depths:2 | Lost mutation: Your flesh is cold resistant. [potion of cure mutation]
 39420 | Depths:2 | Reached XP level 20. HP: 184/189 MP: 9/27
 40136 | Depths:2 | Received a gift from Trog
 40402 | Depths:2 | Noticed a golden dragon
 40409 | Depths:2 | Killed a golden dragon
 40648 | Depths:2 | Noticed a caustic shrike
 40648 | Depths:2 | Noticed a caustic shrike
 40651 | Depths:2 | Noticed a caustic shrike
 40658 | Depths:2 | Killed a caustic shrike
 40662 | Depths:2 | Killed a caustic shrike
 40668 | Depths:2 | Killed a caustic shrike
 40804 | Depths:2 | Noticed a juggernaut
 40813 | Depths:2 | Noticed an iron giant
 41022 | Depths:2 | Annihilated by an iron giant

Skill      XL: |  1  2  3  4  5  6  7  8  9 10 11 12 13 14 15 16 17 18 19 20 |
---------------+-------------------------------------------------------------+-----
Axes           | 4 5 7 8 9 11 12 13 14 16 17 19 20 21 22 23 | 23.5
Fighting       | 4 5 7 9 10 11 12 14 15 16 17 18 19 | 19.2
Armour         | 5 7 9 10 11 12 14 15 16 17 18 19 | 19.5
Dodging        | 4 6 8 10 11 12 13 14 15 16 17 18 | 18.3
Evocations     | 4 6 8 9 10 11 | 11.0

Action                   |  1- 3 |  4- 6 |  7- 9 | 10-12 | 13-15 | 16-18 | 19-21 || total
-------------------------+-------+-------+-------+-------+-------+-------+-------++-------
Melee: Hand axe          |    69 |   109 |   409 |   166 |       |       |       ||   753
       Headbutt          |    10 |    18 |    89 |   132 |   250 |   305 |   201 ||  1005
       Peck              |       |       |    56 |   123 |   239 |   292 |   102 ||   812
       Broad axe         |       |       |       |   224 |       |       |       ||   224
       Executioner's axe |       |       |       |   218 |   851 |   935 |   587 ||  2591
       Battleaxe         |       |       |       |       |   126 |       |       ||   126
Throw: Stone             |       |       |       |       |     1 |       |       ||     1
       Tomahawk          |       |       |       |       |       |     1 |       ||     1
Invok: Berserk           |     1 |     1 |     8 |     7 |     2 |     3 |     2 ||    24
       Trog's Hand       |       |       |       |     4 |     8 |    18 |    14 ||    44
       Burn Spellbooks   |       |       |       |       |     3 |       |     1 ||     4
       Brothers in Arms  |       |       |       |       |       |     2 |       ||     2
 Abil: Evoke Flight      |       |       |     8 |       |       |       |       ||     8
       Stop Flying       |       |       |     1 |       |       |       |       ||     1
Evoke: Wand              |       |       |       |       |       |     2 |       ||     2
  Use: Scroll            |       |       |     8 |    16 |    22 |     4 |     5 ||    55
       Potion            |       |       |     2 |       |     4 |       |     2 ||     8
 Stab: Distracted        |       |       |       |       |       |     1 |       ||     1
  Eat: Chunk             |     1 |     7 |    21 |    22 |    39 |    28 |    11 ||   129
       Royal jelly       |       |       |     1 |     1 |       |       |       ||     2
       Fruit             |       |       |     2 |     2 |     2 |     1 |     3 ||    10
       Beef jerky        |       |       |     1 |     1 |     2 |     3 |       ||     7
       Meat ration       |       |       |       |     1 |       |       |       ||     1
       Bread ration      |       |       |       |       |     1 |       |       ||     1
       Pizza             |       |       |       |       |       |     2 |     1 ||     3
Armor: Animal skin       |    18 |       |       |       |       |       |       ||    18
       Scale mail        |     4 |    55 |     7 |       |       |       |       ||    66
       Plate armour      |       |       |   135 |       |    52 |   517 |   339 ||  1043
       Crystal plate arm |       |       |    34 |   411 |   459 |       |       ||   904
Dodge: Dodged            |    33 |    50 |   206 |   333 |   751 |   878 |   752 ||  3003
